 Dungeon Crawl Stone Soup version 0.31-a0-1-g4198be8af4 (webtiles) character file.

Game seed: 7947590164544586368

13913 Conn the Thaumaturge (level 12, -12/70 HPs)
             Began as an Octopode Fire Elementalist on May 1, 2023.
             Was a Follower of Sif Muna.
             Mangled by dogaso222's ghost (38 damage)
             ... on level 1 of the Lair of Beasts.
             The game lasted 00:42:01 (15311 turns).

Conn the Thaumaturge (Octopode Fire Elementalist)  Turns: 15311, Time: 00:42:09

Health: -12/70     AC:  5    Str: 13    XL:     12   Next: 11%
Magic:  0/27       EV: 13    Int: 20    God:    Sif Muna [*.....]
Gold:   649        SH:  0    Dex: 11    Spells: 1/33 levels left

rFire   + . .        w - +4 shortbow "Killer Klown's Regret" {flame, Fragile rPois Will+}
rCold   + . .        (shield currently unavailable)
rNeg    . . .        (helmet restricted)
rPois   +            v - amulet of guardian spirit
rElec   .            t - +4 ring of protection
rCorr   .            G - ring of protection from fire
SInv    .            (no ring)
Will    +....        (no ring)
Stlth   ++++         (no ring)
HPRegen 0.31/turn    (no ring)
MPRegen 0.20/turn    (no ring)
                     (no ring)

%: guardian spirit
@: no status effects
A: almost no armour, amphibious, 8 rings, camouflage 1, gelatinous body 1,
(nimble swimmer 1), tentacles, cold resistance 1, strong 1
a: Renounce Religion, Channel Magic


You were on level 1 of the Lair of Beasts.
You worshipped Sif Muna.
Sif Muna was aware of your devotion.
You visited 3 branches of the dungeon, and saw 13 of its levels.
You also visited: Sewer.

You collected 754 gold pieces.
You spent 105 gold pieces at shops.

Inventory:

Hand Weapons
 i - a +0 dagger
 w - the +4 shortbow "Killer Klown's Regret" (weapon) {flame, Fragile rPois Will+}
   (You found it in a sewer)

   rPois:     It protects you from poison.
   Fragile:   It will be destroyed if unequipped.
   Will:      It increases your willpower.
 D - a +5 heavy trident
Missiles
 b - 25 poisoned darts
 F - a curare-tipped dart (quivered)
Magical Staves
 l - a staff of poison
Jewellery
 t - a +4 ring of protection (left tentacle)
 u - an amulet of regeneration
 v - an amulet of guardian spirit (around mantle)
 G - a ring of protection from fire (right tentacle)
 H - a ring of magical power
 I - a +6 ring of dexterity
Wands
 s - a wand of charming (5)
 x - a wand of acid (6)
 A - a wand of iceblast (1)
Scrolls
 e - a scroll of fog {unknown}
 f - a scroll of blinking
 g - 9 scrolls of enchant armour
 h - a scroll of summoning
 k - 2 scrolls of teleportation
 o - a scroll of immolation
 q - 3 scrolls of enchant weapon
 r - 2 scrolls of amnesia
 y - 4 scrolls of magic mapping
 E - a scroll of identify
Potions
 a - 2 potions of magic
 c - a potion of berserk rage
 d - 2 potions of haste
 j - 2 potions of flight
 m - a potion of mutation
 n - a potion of might
 p - 2 potions of heal wounds
 z - 2 potions of curing
 B - a potion of attraction
 C - 2 potions of lignification
 J - a potion of cancellation {unknown}


   Skills:
 + Level 2.1 Fighting
 + Level 1.3 Short Blades
 * Level 4.5 Ranged Weapons
 + Level 0.1 Throwing
 + Level 3.2 Dodging
 + Level 6.0 Stealth
 * Level 11.1 Spellcasting
 * Level 6.3 Conjurations
 + Level 2.0 Hexes
 * Level 4.8 Summonings
 + Level 7.9 Fire Magic
 + Level 3.9 Air Magic
 - Level 4.5 Poison Magic
 * Level 4.8 Invocations
 + Level 0.2 Evocations


You had one spell level left.
You knew the following spells:

 Your Spells              Type           Power      Damage    Failure   Level
a - Foxfire               Conj/Fire      100%       2x1d9     1%          1
b - Scorch                Fire           84%        2d9       1%          2
c - Inner Flame           Hex/Fire       31%        N/A       2%          3
d - Flame Wave            Conj/Fire      39%        2d11      3%          4
e - Mephitic Cloud        Conj/Pois/Air  31%        N/A       2%          3
f - Summon Guardian Gole  Hex/Summ       24%        N/A       4%          3
g - Ignite Poison         Fire/Tmut/Pois 27%        N/A       3%          3
h - Stone Arrow           Conj/Erth      46%        3d9       4%          3
i - Call Canine Familiar  Summ           30%        N/A       2%          3
j - Swiftness             Air            27%        N/A       3%          3
k - Summon Lightning Spi  Summ/Air       28%        N/A       10%         4

Your spell library contained the following spells:

 Spells                   Type           Power      Damage    Failure   Level
 Summon Small Mammal      Summ           100%       N/A       1%          1
 Beastly Appendage        Tmut           22%        N/A       6%          1
 Poisonous Vapours        Pois/Air       56%        N/A       1%          2
 Static Discharge         Conj/Air       62%        2-5/arc   1%          2
 Cigotuvi's Dreadful Rot  Necr/Pois/Air  44%        N/A       3%          2
 Volatile Blastmotes      Fire/Tloc      54%        2d14      3%          3
 Ensorcelled Hibernation  Hex/Ice        30%        N/A       6%          2
 Spider Form              Tmut/Pois      20%        N/A       8%          3
 Lesser Beckoning         Tloc           22%        N/A       10%         2
 Passwall                 Tmut/Erth      9%         N/A       10%         2
 Wereblood                Tmut           11%        N/A       10%         2
 Airstrike                Air            13%        2d(2-18)  12%         4
 Gell's Gravitas          Tloc           11%        N/A       19%         3
 Teleport Other           Tloc           11%        N/A       19%         3
 Freezing Cloud           Conj/Ice/Air   12%        6-21      38%         5
 Manifold Assault         Tloc           11%        N/A       52%         4
 Dispersal                Tloc           5%         N/A       100%        6
 Disjunction              Tloc           5%         N/A       100%        8
 Lehudib's Crystal Spear  Conj/Erth      11%        10d4      100%        8
 Animate Armour           Summ/Erth      Unusable   N/A       N/A         4

Dungeon Overview and Level Annotations

Branches:
Dungeon (11/15)            Temple (1/1) D:7            Lair (1/5) D:9
    Orc (0/2) D:11          Sewer (visited)

Altars:
Ashenzari
Cheibriados
Dithmenos
Elyvilon
Fedhas
Gozag
Hepliaklqana
Kikubaaqudgha
Makhleb
Nemelex Xobeh
Okawaru
Qazlal
Ru
Sif Muna
Trog
Uskayaw
Vehumet
Wu Jian
Xom
Yredelemnul
Zin
The Shining One

Shops:
D:1 (   D:2 *   D:8 ?

Annotations:
D:3 4 runed translucent doors, Crazy Yiuf; Rrauwl's ghost, amateur DrHW
D:5 Duvessa; Pikel
Lair:1 dogaso222's ghost, journeyman TrFi


Innate Abilities, Weirdness & Mutations

You cannot wear most types of armour.
You are amphibious.
You can wear up to eight rings at the same time.
Your skin changes colour to match your surroundings (Stealth+).
Your rubbery body absorbs attacks. (AC +1, EV +1)
((You are camouflaged when in or above water. (Stealth+)))
You have tentacles for arms and can constrict up to eight enemies at once.
Your flesh is cold resistant. (rC+)
Your muscles are strong. (Str +4, Int/Dex -1)


Message History

Unknown command.
Casting: Mephitic Cloud (mildly dangerous; 2% risk of failure)
Confirm with . or Enter, or press ? or * to list all spells.
Aiming: Inner Flame (mildly dangerous; 2% risk of failure)
Press: ? - help, Dir - move target, f - elephant, p - dogaso222's ghost
Aim: an elephant (noxious fumes, moderately wounded, chance to affect: 54%)
The elephant resists with significant effort.
Dogaso222's ghost hits you!
The elephant is engulfed in noxious fumes.
The elephant appears confused.
The elephant tramples your lightning spire!
The elephant trunk-slaps your lightning spire.
Your lightning spire shoots out a bolt of lightning at the elephant!
The bolt of electricity hits the elephant! x2
The bolt of electricity hits your lightning spire.
Your lightning spire completely resists.
Casting: Inner Flame (mildly dangerous; 2% risk of failure)
Confirm with . or Enter, or press ? or * to list all spells.
Aiming: Inner Flame (mildly dangerous; 2% risk of failure)
Press: ? - help, Dir - move target, f/p - elephant
Aim: an elephant (noxious fumes, severely wounded, confused, ally target, chance to affect: 54%)
The elephant is filled with an intense inner flame!
Dogaso222's ghost hits you!!
The elephant is engulfed in noxious fumes.
The elephant appears confused.
The elephant misses dogaso222's ghost.
The elephant trunk-slaps dogaso222's ghost but does no damage.
Unknown command.
Unknown command.
Really quaff the potion of lignification?
Okay, then.
Unknown command.
Unknown command.
Casting: Inner Flame (mildly dangerous; 2% risk of failure)
Confirm with . or Enter, or press ? or * to list all spells.
Flames lash dogaso222's ghost.
Dogaso222's ghost resists.
Dogaso222's ghost is lightly damaged.
Dogaso222's ghost's fire resistance burns away.
Dogaso222's ghost hits you!!!
Ouch! That really hurt!
You die...

#§§§###............
#§§§# ####...♣..#
##§## ##.#......##
#§§§####........###
#§§.##.....♣...###.
##9###.#......#####
#Y8...+......###..
#W##..#...#..##...
#@## ##.####......
#..####..###...P#.
#.................
####.##..........#
####..........#
##..........#
#...........#
#....###...##
#...## #...#


You could see an elephant (inner flame, confused, ally target), dogaso222's
ghost (combustible, ally target), a friendly guardian golem (summoned) and a
friendly lightning spire (summoned, sheltered).

Vanquished Creatures
  Harold (Lair:1)
  The ghost of fly the Spear-Bearer, a journeyman DgDe (D:11)
  A boulder beetle (D:11)
  A cane toad (Lair:1)
  4 komodo dragons (Lair:1)
  2 unseen horrors (D:11)
  A kobold demonologist (D:9)
  An unseen horror zombie (D:9)
  Maggie (D:10)
  Psyche (D:8)
  A polar bear (Lair:1)
  2 trolls
  Grinder (D:3)
  3 blink frogs (Lair:1)
  A shadow (D:10)
  A vampire (D:10)
  2 wraiths (D:11)
  10 yaks
  Grum (D:8)
  A basilisk (Lair:1)
  A steam dragon (D:4)
  A warg (D:11)
  4 water moccasins
  4 acid dragons
  6 orc warriors
  A sky beast (D:4)
  2 hornet zombies (D:9)
  3 ice beasts
  2 black bears (D:6)
  An ogre (D:5)
  2 wolves (D:8)
  2 lemures (D:5)
  5 centaurs
  2 kobold brigands
  Blork the orc (D:5)
  10 bullfrogs
  A gnoll sergeant (D:6)
  A necrophage (D:9)
  3 scorpions
  3 wights (D:8)
  A jelly (D:7)
  7 howler monkeys
  3 centaur zombies (D:9)
  4 hounds
  3 orc priests
  A human zombie (D:9)
  3 iguanas
  An orc wizard (D:11)
  Natasha (twice) (D:2)
  2 mummies (D:9)
  2 howler monkey zombies (D:9)
  12 adders
  7 gnolls
  A river rat (D:4)
  A shadow imp (D:8)
  A white imp (D:5)
  2 ufetubi (D:6)
  A worm (D:4)
  4 dart slugs
  20 orcs
  5 endoplasms
  9 giant cockroaches
  6 goblins
  10 hobgoblins
  3 jackals (D:3)
  6 kobolds
  7 quokkas
  16 ball pythons
  9 bats
  10 frilled lizards
  11 rats
262 creatures vanquished.

Vanquished Creatures (collateral kills)
  3 foxfires
3 creatures vanquished.

Vanquished Creatures (others)
  771 foxfires
  11 fungi
  14 plants
796 creatures vanquished.

Grand Total: 1061 creatures vanquished

Notes
Turn   | Place    | Note
-------+----------+-------------------------------------------
     0 | D:1      | Conn the Octopode Fire Elementalist began the quest for the
                  | Orb.
     0 | D:1      | Reached XP level 1. HP: 11/11 MP: 3/3
   100 | D:1      | Found Viseakecrao's Weapon Shoppe.
   184 | D:1      | Reached XP level 2. HP: 17/17 MP: 0/5
   537 | D:1      | Found a faded altar of an unknown god.
   628 | D:1      | Reached XP level 3. HP: 21/21 MP: 1/6
  1464 | D:2      | Reached XP level 4. HP: 27/27 MP: 2/8
  1938 | D:2      | Found Bamigh's Assorted Antiques.
  2011 | D:2      | Noticed Natasha
  2017 | D:2      | Killed Natasha
  2018 | D:2      | Reached skill level 3 in Spellcasting
  2054 | D:2      | Learned a level 2 spell: Scorch
  2058 | D:2      | Learned a level 3 spell: Inner Flame
  2204 | D:2      | Noticed Natasha
  2217 | D:2      | Killed Natasha
  2218 | D:2      | Reached XP level 5. HP: 31/31 MP: 3/9
  2312 | D:2      | Learned a level 4 spell: Flame Wave
  2709 | D:3      | Found a runed translucent gate.
  2738 | D:3      | Found a runed translucent gate.
  2739 | D:3      | Found a runed translucent gate.
  2741 | D:3      | Noticed Rrauwl's ghost (amateur DrHW)
  3025 | D:3      | Noticed Grinder
  3033 | D:3      | Paralysed by Grinder for 5 turns
  3348 | D:3      | Found a snail-covered altar of Cheibriados.
  3348 | D:3      | Found an opulent altar of Gozag.
  3385 | D:3      | Found a stormy altar of Qazlal.
  3485 | D:3      | Found a runed translucent door.
  3486 | D:3      | Noticed Crazy Yiuf
  3692 | D:2      | Bought a dented lapis lazuli amulet for 105 gold pieces
  3794 | D:3      | Killed Grinder
  3795 | D:3      | Reached skill level 4 in Spellcasting
  3795 | D:3      | Reached XP level 6. HP: 36/36 MP: 0/12
  4080 | D:4      | Reached skill level 5 in Stealth
  4083 | D:4      | Found a glowing drain.
  4103 | Sewer    | Entered a sewer
  4468 | Sewer    | Reached XP level 7. HP: 37/41 MP: 9/13
  4479 | Sewer    | Identified the +4 shortbow "Killer Klown's Regret" {flame,
                  | Fragile rPois Will+}
  4495 | Sewer    | Learned a level 3 spell: Mephitic Cloud
  4821 | D:4      | Reached skill level 1 in Poison Magic
  4859 | D:4      | Noticed a steam dragon
  4869 | D:4      | Killed a steam dragon
  4870 | D:4      | Reached skill level 1 in Air Magic
  5118 | D:4      | Found a shadowy altar of Dithmenos.
  5313 | D:5      | Entered Level 5 of the Dungeon
  5365 | D:5      | Found a sparkling altar of Nemelex Xobeh.
  5397 | D:5      | Reached XP level 8. HP: 47/47 MP: 8/15
  5498 | D:5      | Reached skill level 5 in Spellcasting
  5498 | D:5      | Reached skill level 5 in Fire Magic
  5736 | D:5      | Noticed Blork the orc
  5743 | D:5      | Killed Blork the orc
  5852 | D:5      | Noticed Duvessa
  5865 | D:5      | Noticed Pikel
  5974 | D:6      | Learned a level 3 spell: Summon Guardian Golem
  6174 | D:6      | Reached skill level 6 in Spellcasting
  6248 | D:6      | Found an ornate altar of the Wu Jian Council.
  6253 | D:6      | Noticed a spectral centipede
  6253 | D:6      | Noticed a spectral black mamba
  6657 | D:6      | Reached skill level 1 in Summonings
  6657 | D:6      | Reached XP level 9. HP: 52/52 MP: 11/19
  6940 | D:6      | Reached skill level 1 in Short Blades
  7303 | D:7      | Reached skill level 7 in Spellcasting
  7509 | D:7      | Found a staircase to the Ecumenical Temple.
  7520 | Temple   | Entered the Ecumenical Temple
  7527 | Temple   | Became a worshipper of Sif Muna the Loreminder
  7694 | D:7      | Found a glowing silver altar of Zin.
  7890 | D:7      | Identified the +0 ring mail of the Thieving Gods {Rampage
                  | Fly Int+3}
  8287 | D:7      | Reached skill level 1 in Ranged Weapons
  8415 | D:8      | Found Qeof's Magic Scroll Boutique.
  8420 | D:8      | Noticed Psyche
  8426 | D:8      | Killed Psyche
  8573 | D:8      | Found a sacrificial altar of Ru.
  8782 | D:8      | Noticed Grum
  8802 | D:8      | Killed Grum
  9319 | D:8      | Reached skill level 8 in Spellcasting
  9432 | D:8      | Reached XP level 10. HP: 37/57 MP: 5/22
  9592 | D:7      | Gained mutation: You occasionally lose the ability to drink
                  | potions when taking damage. [potion of mutation]
  9592 | D:7      | Gained mutation: You are agile. (Dex +4, Str/Int -1)
                  | [potion of mutation]
  9661 | D:7      | Lost mutation: You occasionally lose the ability to drink
                  | potions when taking damage. [potion of mutation]
  9661 | D:7      | Lost mutation: You are agile. (Dex +4, Str/Int -1) [potion
                  | of mutation]
  9661 | D:7      | Gained mutation: Your muscles are strong. (Str +4, Int/Dex
                  | -1) [potion of mutation]
  9661 | D:7      | Gained mutation: Your flesh is cold resistant. (rC+)
                  | [potion of mutation]
  9863 | D:8      | Reached * piety under Sif Muna
 10127 | D:9      | Noticed a kobold demonologist
 10244 | D:9      | Found a glowing golden altar of the Shining One.
 10373 | D:9      | Noticed a sixfirhy
 10375 | D:9      | Noticed a sun demon
 10382 | D:10     | Entered Level 10 of the Dungeon
 10392 | D:10     | Reached skill level 1 in Fighting
 10763 | D:10     | Noticed Maggie
 10772 | D:10     | Killed Maggie
 10773 | D:10     | Reached skill level 5 in Conjurations
 10778 | D:10     | Reached skill level 1 in Invocations
 10980 | D:10     | Learned a level 3 spell: Ignite Poison
 10984 | D:10     | Learned a level 3 spell: Stone Arrow
 10988 | D:10     | Learned a level 3 spell: Call Canine Familiar
 11326 | D:9      | Killed a kobold demonologist
 11335 | D:9      | Reached skill level 1 in Hexes
 11338 | D:9      | Found a staircase to the Lair.
 11664 | D:9      | Reached skill level 9 in Spellcasting
 11774 | D:9      | Found an ancient bone altar of Kikubaaqudgha.
 12079 | D:9      | Reached XP level 11. HP: 64/64 MP: 17/24
 12847 | D:11     | Found a staircase to the Orcish Mines.
 12879 | D:11     | Noticed a boulder beetle
 12897 | D:11     | Killed a boulder beetle
 13115 | D:11     | Reached skill level 10 in Spellcasting
 13286 | D:11     | Found a runed translucent gate.
 13286 | D:11     | Found a runed translucent gate.
 13286 | D:11     | Found a runed translucent gate.
 13289 | D:11     | Noticed fly's ghost (journeyman DgDe)
 13990 | D:11     | Killed fly's ghost
 14113 | D:11     | Identified the +0 pair of gloves "Nousseow" {Dex+3 SInv}
 14233 | Lair:1   | Entered Level 1 of the Lair of Beasts
 14346 | Lair:1   | Learned a level 3 spell: Swiftness
 14705 | Lair:1   | Reached XP level 12. HP: 38/70 MP: 8/26
 14714 | Lair:1   | Noticed Harold
 14754 | Lair:1   | Reached skill level 11 in Spellcasting
 14756 | Lair:1   | Killed Harold
 14967 | Lair:1   | Learned a level 4 spell: Summon Lightning Spire
 15272 | Lair:1   | Found a runed translucent door.
 15274 | Lair:1   | Noticed dogaso222's ghost (journeyman TrFi)
 15311 | Lair:1   | Mangled by dogaso222's ghost

Illustrated notes

Levels and vault maps discovered:
D:1:      sevenhm_arrival_forest_fort_large_3, layout_rooms,
          ebering_ecumenical_altar_abandoned, serial_shops, nicolae_square_shop,
          st_stairs_14, chequers_mini_garden
D:2:      layout_loops_corners, serial_shops, shop, uniq_natasha
D:3:      layout_loops_corners, nicolae_overflow_hidden_temple,
          gammafunk_ghost_necromancy, serial_bayou_pond_d, minmay_circle_x,
          uniq_grinder, uniq_crazy_yiuf_cottage
D:4:      layout_cave_pools, nicolae_dithmenos_shadow_blocks,
          gup_sewer_entry_bubbles
D:5:      layout_basic, nemelex_spade_bored_becter, uniq_duvessa,
          uniq_blork_the_orc, uniq_pikel
D:6:      layout_gridville, pdpol_wu_jian_five_deadly_venoms
D:7:      layout_loops_corners, zin_statuary, minmay_temple_entry_overgrown,
          minmay_misc_feat_iff, corexii_corridor_pit, kennysheep_generic_room_13
D:8:      layout_loops_ring, nicolae_ru_great_annihilating_truth, serial_shops,
          shop, uniq_psyche, uniq_grum
D:9:      layout_small_grid, amcnicky_altar_gilded,
          lemuel_mausoleum_altar_kikubaaqudgha, grunt_lair_entry_orc_guard_hut
D:10:     layout_irregular_city, hangedman_decor_clover_reticule, uniq_maggie
D:11:     layout_irregular_city, orc_0_dummy, biasface_ghost_orc_armoury,
          kennysheep_generic_room_3
Temple:   nicolae_temple_no_exploring_needed
Lair:1:   layout_misc_corridors, ebering_ghost_inner_flame, lemuel_fruit_fields,
          grunt_megastairs_3, uniq_harold

Skill      XL: |  1  2  3  4  5  6  7  8  9 10 11 12 |
---------------+-------------------------------------+-----
Stealth        | 3 4 5 6 |  6.0
Spellcasting   | 3 4 6 8 9 10 11 | 11.1
Conjurations   | 2 3 4 5 6 |  6.3
Fire Magic     | 4 5 6 7 |  7.9
Poison Magic   | 1 2 4 |  4.5
Air Magic      | 1 2 3 |  3.9
Summonings     | 1 2 3 4 |  4.8
Short Blades   | 1 |  1.3
Ranged Weapons | 1 3 4 |  4.5
Fighting       | 2 |  2.1
Invocations    | 2 4 |  4.8
Dodging        | 3 |  3.2
Hexes          | 1 2 |  2.0
Throwing       | |  0.1
Evocations     | |  0.2

Action                     |  1- 3 |  4- 6 |  7- 9 | 10-12 || total
---------------------------+-------+-------+-------+-------++-------
  Melee: Unarmed           |    14 |       |       |       ||    14
         Constrict         |     8 |     8 |     2 |       ||    18
         Tentacles         |     3 |     4 |     1 |       ||     8
         Dagger            |     2 |    29 |    15 |       ||    46
   Fire: Shortbow          |       |       |    23 |    57 ||    80
  Throw: Dart              |       |       |       |     3 ||     3
   Cast: Foxfire           |    65 |   121 |   147 |   108 ||   441
         Scorch            |       |     2 |    58 |    71 ||   131
         Inner Flame       |       |       |     5 |    22 ||    27
         Mephitic Cloud    |       |       |     5 |    14 ||    19
         Flame Wave        |       |       |     4 |    30 ||    34
         Summon Guardian G |       |       |       |     4 ||     4
         Call Canine Famil |       |       |       |     1 ||     1
         Summon Lightning  |       |       |       |     2 ||     2
 Invoke: Channel Magic     |       |       |       |     7 ||     7
  Evoke: Wand              |       |       |     1 |     5 ||     6
    Use: Scroll            |       |       |     5 |    13 ||    18
         Potion            |       |       |       |    10 ||    10
   Stab: Sleeping          |     1 |     6 |     3 |       ||    10
 Armour: Skin              |     4 |     5 |    21 |    50 ||    80
  Dodge: Dodged            |    22 |    17 |    59 |   133 ||   231

Table legend: (Time is in decaauts)
 A = Elapsed time spent in this place.
 B = Non-inter-level travel time spent in this place.
 C = Inter-level travel time spent in this place.
 D = Time resting spent in this place.
 E = Time spent auto-exploring this place.
 F = Levels seen in this place.
 G = Mean time per level.
                   A        B        C        D        E       F      G
               +--------+--------+--------+--------+--------+-----+--------+
         Total |  15324 |  14896 |    428 |   1098 |  10806 |  14 | 1094.6 |
       Dungeon |  13801 |  13373 |    428 |    685 |  10139 |  11 | 1254.6 |
        Temple |     16 |     16 |      0 |      0 |      0 |   1 |   16.0 |
          Lair |   1080 |   1080 |      0 |    386 |    403 |   1 | 1080.0 |
         Sewer |    425 |    425 |      0 |     27 |    264 |   1 |  425.0 |
               +--------+--------+--------+--------+--------+-----+--------+

Top non-repeatable levels by time:
     D:8: 1535 daAuts
    D:11: 1531 daAuts
     D:9: 1469 daAuts
     D:2: 1415 daAuts
     D:7: 1412 daAuts
     D:3: 1307 daAuts
     D:6: 1231 daAuts
     D:1: 1221 daAuts
    D:10: 1171 daAuts
  Lair:1: 1080 daAuts
     D:4: 941 daAuts
     D:5: 565 daAuts
   Sewer: 425 daAuts
  Temple: 16 daAuts
